Blackhawks vs Golden Knights

Created - October 27, 2023 at 22:00

Goals
1 2 3 T
Blackhawks 4 0 0 4
Golden Knights 0 2 0 2
Shots
1 2 3 T
Blackhawks 8 10 7 25
Golden Knights 9 11 5 25

1st period

1. Blackhawks , Jordan Kyrou 2 (Quinn Hughes 4, Andrew Copp 3) at 0:46 (PP)
2. Blackhawks , Arthur Kaliyev 1 (Reilly Smith 1, Nikita Zaitsev 3) at 4:28
3. Blackhawks , Darnell Nurse 3 (Andrew Copp 4, Esa Lindell 4) at 10:53
4. Blackhawks , Miles Wood 3 (Quinn Hughes 5, Parker Kelly 1) at 15:42

Penalties :
James van Riemsdyk (LVG) for Interference (Minor) at 0:04

2nd period

5. Golden Knights , Jordan Staal 2 (Pierre Engvall 2, Oliver Ekman-Larsson 2) at 10:28
6. Golden Knights , Jordan Staal 3 (Bowen Byram 3, Pierre Engvall 3) at 13:16

Penalties :
Jaccob Slavin (CHI) for Hooking (Minor) at 5:52

3rd period

No Goal

Penalties :
Drew Doughty (LVG) for Roughing (Minor) at 0:25, Bowen Byram (LVG) for Fighting (Major) at 5:41, Darnell Nurse (CHI) for Fighting (Major) at 5:41, Jordan Staal (LVG) for Goalie Interference (Minor) at 16:50

Goalie Stats

Philipp Grubauer (CHI), 23 saves from 25 shots - (0.920), W, 2-3-0, 60:00 minutes
Jonathan Quick (LVG), 4 saves from 8 shots - (0.500), L, 0-8-0, 15:42 minutes
Daniel Vladar (LVG), 17 saves from 17 shots - (1.000), 44:18 minutes

Players Stats for Blackhawks

Player Name              G  A  P  +/- PIM S  H  SB GA TA FO     MP     PP MP  PK MP  
------------------------------------------------------------------------------------
Andrew Copp              0  2  2  -1  0   1  0  0  0  0  11/18  16:07   2:43   0:44 
Andrew Poturalski        0  0  0   1  0   0  3  0  0  0  9/14   12:58   0:00   0:00 
Arthur Kaliyev           1  0  1   1  0   2  0  0  0  0  0/2    14:55   1:57   0:00 
Christian Fischer        0  0  0   0  0   1  3  0  0  0  0/0    13:42   0:00   0:30 
Connor Dewar             0  0  0   0  0   2  0  0  0  0  0/0    13:59   0:00   0:47 
Darnell Nurse            1  0  1   0  5   2  1  3  0  0  0/0    20:29   2:03   0:38 
Dominik Kubalik          0  0  0  -1  0   1  1  0  0  0  0/0    16:05   2:43   0:42 
Esa Lindell              0  1  1   0  0   2  1  1  0  0  0/0    16:54   0:00   0:38 
Frederick Gaudreau       0  0  0   0  0   5  0  0  0  0  6/14   15:39   1:57   0:30 
Jaccob Slavin            0  0  0   0  2   2  2  1  0  0  0/0    19:35   2:37   0:00 
Jake Walman              0  0  0   1  0   1  0  1  0  0  0/0    19:43   2:03   0:48 
Jordan Kyrou             1  0  1  -1  0   2  0  0  0  0  1/2    15:23   2:43   0:00 
Miles Wood               1  0  1   1  0   2  1  0  0  0  0/0    15:16   0:00   0:45 
Nikita Zaitsev           0  1  1   1  0   0  3  2  0  0  0/0    18:13   0:00   0:53 
Parker Kelly             0  1  1   1  0   0  0  0  0  0  1/2    14:31   0:00   0:00 
Quinn Hughes             0  2  2   0  0   2  0  1  0  0  0/0    25:04   2:37   1:01 
Reilly Smith             0  1  1   1  0   0  2  0  0  0  1/1    14:55   1:57   0:00 
T.J. Tynan               0  0  0   1  0   0  0  0  0  0  6/13   14:31   0:00   0:00 

Players Stats for Golden Knights

Player Name              G  A  P  +/- PIM S  H  SB GA TA FO     MP     PP MP  PK MP  
------------------------------------------------------------------------------------
Bowen Byram              0  1  1   0  5   0  4  0  0  0  0/0    17:25   0:44   2:15 
Braden Schneider         0  0  0  -1  0   1  1  1  0  0  0/0    16:38   0:00   1:03 
Brendan Gallagher        0  0  0  -1  0   2  2  0  0  0  1/3    16:28   0:44   0:00 
Curtis McKenzie          0  0  0  -1  0   0  1  0  0  0  0/0    10:07   0:00   0:00 
Drew Doughty             0  0  0   0  2   1  4  0  0  0  0/0    24:43   1:15   1:16 
James van Riemsdyk       0  0  0   1  2   2  0  0  0  0  0/0    12:29   1:15   0:34 
Jesper Boqvist           0  0  0   0  0   2  0  0  0  0  1/2    18:46   0:00   1:57 
Jesse Puljujarvi         0  0  0  -1  0   3  0  0  0  0  0/1    10:07   0:00   0:00 
Jonas Siegenthaler       0  0  0   0  0   0  1  2  0  0  0/0    18:39   0:44   2:15 
Jordan Staal             2  0  2   0  2   6  1  0  0  0  12/26  21:22   0:45   0:56 
Kaiden Guhle             0  0  0  -1  0   0  0  0  0  0  0/0    16:58   0:00   0:00 
Matthew Beniers          0  0  0  -1  0   0  0  0  0  0  7/13   19:21   0:44   2:53 
Morgan Barron            0  0  0   0  0   1  0  1  0  0  6/16   18:24   0:30   0:29 
Noah Gregor              0  0  0   0  0   1  3  0  0  0  2/2    17:34   0:30   0:09 
Oliver Ekman-Larsson     0  1  1   0  0   2  1  0  0  0  0/0    14:42   1:15   2:25 
Pierre Engvall           0  2  2   1  0   2  1  0  0  0  1/1    12:38   0:45   1:12 
Ryan Murray              0  0  0   0  0   0  0  0  0  0  0/0    11:17   0:00   0:06 
Zemgus Girgensons        0  0  0  -1  0   2  2  0  0  0  1/2    17:38   0:44   1:10 

3 Stars

1 - Miles Wood (CHI)
2 - Jordan Staal (LVG)
3 - Arthur Kaliyev (CHI)

Power Play

Blackhawks - 1 on 3 Attempt(s) - 33.33%
Golden Knights - 0 on 1 Attempt(s) - 0.00%

Penalty Kill

Blackhawks - 1 on 1 Attempt(s) - 100.00% - Score 0 goal in Penalty Kill
Golden Knights - 2 on 3 Attempt(s) - 66.67% - Score 0 goal in Penalty Kill

Team Stat

Blackhawks - Hits : 17 - Faceoff Wins : 35 - Blocked Shots : 9 - Penalty Minutes : 7
Golden Knights - Hits : 21 - Faceoff Wins : 31 - Blocked Shots : 4 - Penalty Minutes : 11

Official

Referees : Chris Rooney and Mitch Dunning
Linesman : Tyson Baker and Jesse Marquis

Game Notes

Daniel Vladar enters game at 15:42 of 1st period
Darnell Nurse beats up Bowen Byram at 5:41 of 3rd period

Finance

Level 1 -- Attendance: 6000 (100.00%) -- Ticket Income $780,000
Level 2 -- Attendance: 5000 (100.00%) -- Ticket Income $225,000
Level 3 -- Attendance: 2000 (100.00%) -- Ticket Income $80,000
Level 4 -- Attendance: 4000 (100.00%) -- Ticket Income $140,000
Luxury Box -- Attendance: 1000 (100.00%) -- Ticket Income $100,000
Game was played at the T-Mobile Center.
Total Attendance: 18000 (100.00%)
Total Ticket Income: $1,325,000
Other Income: $649,250
Total Income: $1,974,250

Blackhawks

5 vs 5 Forward 
   Center                   Left Wing                Right Wing               Time % Phy DF OF 
 1 Andrew Copp              Dominik Kubalik          Jordan Kyrou             25     1   2  2  
 2 Andrew Poturalski        Reilly Smith             Arthur Kaliyev           25     1   2  2  
 3 Frederick Gaudreau       Connor Dewar             Christian Fischer        25     1   2  2  
 4 T.J. Tynan               Miles Wood               Parker Kelly             25     1   2  2  

5 vs 5 Defense 
   Defense                  Defense                                           Time % Phy DF OF 
 1 Jaccob Slavin            Quinn Hughes                                      30     1   2  2  
 2 Darnell Nurse            Esa Lindell                                       30     1   2  2  
 3 Jake Walman              Nikita Zaitsev                                    30     1   2  2  
 4 Darnell Nurse            Quinn Hughes                                      10     1   2  2  

PowerPlay Forward 
   Center                   Left Wing                Right Wing               Time % Phy DF OF 
 1 Andrew Copp              Dominik Kubalik          Jordan Kyrou             60     1   2  2  
 2 Frederick Gaudreau       Reilly Smith             Arthur Kaliyev           40     1   2  2  

PowerPlay Defense
   Defense                  Defense                                           Time % Phy DF OF 
 1 Jaccob Slavin            Quinn Hughes                                      60     1   2  2  
 2 Darnell Nurse            Jake Walman                                       40     1   2  2  

Penalty Kill 4 Players Forward 
   Center                   Wing                     Time % Phy DF OF 
 1 Andrew Copp              Connor Dewar             60     1   2  2  
 2 Frederick Gaudreau       Christian Fischer        40     1   2  2  

Penalty Kill 4 Players Defense
   Defense                  Defense                  Time % Phy DF OF 
 1 Jaccob Slavin            Quinn Hughes             60     1   2  2  
 2 Darnell Nurse            Esa Lindell              40     1   2  2  

Penalty Kill - 3 Players Forward 
   Forward                                           Time % Phy DF OF 
 1 Frederick Gaudreau                                60     1   2  2  
 2 Andrew Copp                                       40     1   2  2  

Penalty Kill - 3 Players Defense
   Defense                  Defense                  Time % Phy DF OF 
 1 Jaccob Slavin            Quinn Hughes             60     1   2  2  
 2 Darnell Nurse            Esa Lindell              40     1   2  2  

4 vs 4 Forward 
   Center                   Wing                     Time % Phy DF OF 
 1 Andrew Copp              Jordan Kyrou             60     1   2  2  
 2 Andrew Poturalski        Arthur Kaliyev           40     1   2  2  

4 vs 4 Defense
   Defense                  Defense                  Time % Phy DF OF 
 1 Jaccob Slavin            Quinn Hughes             60     1   2  2  
 2 Darnell Nurse            Esa Lindell              40     1   2  2  

Last Minutes Offensive
   Center                   Left Wing                Right Wing               Defense                  Defense                  
   Andrew Copp              Reilly Smith             Jordan Kyrou             Darnell Nurse            Quinn Hughes             

Last Minutes Defensive
   Center                   Left Wing                Right Wing               Defense                  Defense                  
   Andrew Copp              Frederick Gaudreau       Christian Fischer        Jaccob Slavin            Esa Lindell              

Goaltenders
Starting : Philipp Grubauer         
Backup : Sergei Bobrovsky         

Extra Forwards
Normal : Reilly Smith, Frederick Gaudreau, Jordan Kyrou - PP : Miles Wood, Christian Fischer - PK : Miles Wood
Extra Defensemen
Normal : Esa Lindell, Jake Walman, Quinn Hughes - PP : Esa Lindell - PK : Jake Walman, Nikita Zaitsev
Penalty Shots
Frederick Gaudreau, Jordan Kyrou, Arthur Kaliyev, Reilly Smith, Dominik Kubalik
Custom OT Lines Forwards
Andrew Copp, Jordan Kyrou, Andrew Poturalski, Arthur Kaliyev, Reilly Smith, Dominik Kubalik, Frederick Gaudreau, Christian Fischer, T.J. Tynan, Miles Wood
Custom OT Lines Defensemen
Quinn Hughes, Jaccob Slavin, Darnell Nurse, Esa Lindell, Jake Walman

Scratches
Filip Zadina (Healthy), Joshua Brown (Healthy)

Golden Knights

5 vs 5 Forward 
   Center                   Left Wing                Right Wing               Time % Phy DF OF 
 1 Jordan Staal             James van Riemsdyk       Pierre Engvall           25     1   2  2  
 2 Matthew Beniers          Zemgus Girgensons        Brendan Gallagher        25     1   2  2  
 3 Morgan Barron            Noah Gregor              Jesper Boqvist           25     1   2  2  
 4 Jordan Staal             Curtis McKenzie          Jesse Puljujarvi         25     1   2  2  

5 vs 5 Defense 
   Defense                  Defense                                           Time % Phy DF OF 
 1 Drew Doughty             Oliver Ekman-Larsson                              25     1   2  2  
 2 Jonas Siegenthaler       Bowen Byram                                       25     1   2  2  
 3 Kaiden Guhle             Braden Schneider                                  25     1   2  2  
 4 Ryan Murray              Drew Doughty                                      25     1   2  2  

PowerPlay Forward 
   Center                   Left Wing                Right Wing               Time % Phy DF OF 
 1 Jordan Staal             James van Riemsdyk       Pierre Engvall           60     1   2  2  
 2 Matthew Beniers          Zemgus Girgensons        Brendan Gallagher        40     1   2  2  

PowerPlay Defense
   Defense                  Defense                                           Time % Phy DF OF 
 1 Drew Doughty             Oliver Ekman-Larsson                              60     1   2  2  
 2 Jonas Siegenthaler       Bowen Byram                                       40     1   2  2  

Penalty Kill 4 Players Forward 
   Center                   Wing                     Time % Phy DF OF 
 1 Jordan Staal             Matthew Beniers          60     1   2  2  
 2 James van Riemsdyk       Pierre Engvall           40     1   2  2  

Penalty Kill 4 Players Defense
   Defense                  Defense                  Time % Phy DF OF 
 1 Drew Doughty             Oliver Ekman-Larsson     60     1   2  2  
 2 Jonas Siegenthaler       Bowen Byram              40     1   2  2  

Penalty Kill - 3 Players Forward 
   Forward                                           Time % Phy DF OF 
 1 Jordan Staal                                      60     1   2  2  
 2 Matthew Beniers                                   40     1   2  2  

Penalty Kill - 3 Players Defense
   Defense                  Defense                  Time % Phy DF OF 
 1 Drew Doughty             Oliver Ekman-Larsson     60     1   2  2  
 2 Jonas Siegenthaler       Bowen Byram              40     1   2  2  

4 vs 4 Forward 
   Center                   Wing                     Time % Phy DF OF 
 1 Jordan Staal             Matthew Beniers          60     1   2  2  
 2 James van Riemsdyk       Pierre Engvall           40     1   2  2  

4 vs 4 Defense
   Defense                  Defense                  Time % Phy DF OF 
 1 Drew Doughty             Oliver Ekman-Larsson     60     1   2  2  
 2 Jonas Siegenthaler       Bowen Byram              40     1   2  2  

Last Minutes Offensive
   Center                   Left Wing                Right Wing               Defense                  Defense                  
   Jordan Staal             James van Riemsdyk       Pierre Engvall           Drew Doughty             Oliver Ekman-Larsson     

Last Minutes Defensive
   Center                   Left Wing                Right Wing               Defense                  Defense                  
   Jordan Staal             James van Riemsdyk       Pierre Engvall           Drew Doughty             Oliver Ekman-Larsson     

Goaltenders
Starting : Jonathan Quick           
Backup : Daniel Vladar            

Extra Forwards
Normal : Noah Gregor, Morgan Barron, Jesper Boqvist - PP : Noah Gregor, Morgan Barron - PK : Jesper Boqvist
Extra Defensemen
Normal : Kaiden Guhle, Braden Schneider, Ryan Murray - PP : Kaiden Guhle - PK : Braden Schneider, Ryan Murray
Penalty Shots
Jordan Staal, Matthew Beniers, James van Riemsdyk, Pierre Engvall, Brendan Gallagher
Custom OT Lines Forwards
Jordan Staal, Matthew Beniers, James van Riemsdyk, Pierre Engvall, Brendan Gallagher, Zemgus Girgensons, Noah Gregor, Morgan Barron, Jesper Boqvist, Jesse Puljujarvi
Custom OT Lines Defensemen
Drew Doughty, Oliver Ekman-Larsson, Jonas Siegenthaler, Bowen Byram, Kaiden Guhle

Scratches
John Hayden (Healthy), Brandon Bussi (Healthy)

% Time on Ice - Blackhawks

Lines # - Real PCT - Wanted PCT - Time Play
Normal Forward
1 - 24% - 25% - 12:40
2 - 24% - 25% - 12:58
3 - 25% - 25% - 13:12
4 - 27% - 25% - 14:31
Normal Defense
1 - 30% - 30% - 16:16
2 - 30% - 30% - 16:16
3 - 29% - 30% - 15:26
4 - 10% - 10% - 5:23
PP Forward
1 - 58% - 60% - 2:43
2 - 42% - 40% - 1:57
PP Defense
1 - 56% - 60% - 2:37
2 - 44% - 40% - 2:03
PK Forward
1 - 75% - 60% - 1:29
2 - 25% - 40% - 0:30
PK Defense
1 - 68% - 60% - 1:21
2 - 32% - 40% - 0:38
PK3 Forward
1 - 0% - 60%
2 - 0% - 40%
PK3 Defense
1 - 0% - 60%
2 - 0% - 40%
44 Forward
1 - 0% - 60%
2 - 0% - 40%
44 Defense
1 - 0% - 60%
2 - 0% - 40%
Last Minute Offensive  - 0:00
Last Minute Defensive  - 0:00
Total
Forward - 60:00
Defense - 60:00

% Time on Ice - Golden Knights

Lines # - Real PCT - Wanted PCT - Time Play
Normal Forward
1 - 20% - 25% - 10:41
2 - 29% - 25% - 15:44
3 - 32% - 25% - 16:49
4 - 19% - 25% - 10:07
Normal Defense
1 - 21% - 25% - 11:02
2 - 29% - 25% - 15:40
3 - 29% - 25% - 15:28
4 - 21% - 25% - 11:11
PP Forward
1 - 63% - 60% - 1:15
2 - 37% - 40% - 0:44
PP Defense
1 - 63% - 60% - 1:15
2 - 37% - 40% - 0:44
PK Forward
1 - 74% - 60% - 3:28
2 - 26% - 40% - 1:12
PK Defense
1 - 52% - 60% - 2:25
2 - 48% - 40% - 2:15
PK3 Forward
1 - 0% - 60%
2 - 0% - 40%
PK3 Defense
1 - 0% - 60%
2 - 0% - 40%
44 Forward
1 - 0% - 60%
2 - 0% - 40%
44 Defense
1 - 0% - 60%
2 - 0% - 40%
Last Minute Offensive  - 0:00
Last Minute Defensive  - 0:00
Total
Forward - 60:00
Defense - 60:00

Play-by-Play

1st period


0:01 of 1st period - Jordan Staal wins face-off versus Andrew Copp in neutral zone.
0:04 of 1st period - Minor Penalty to James van Riemsdyk for Interference.
0:05 of 1st period - Jordan Staal wins face-off versus Andrew Copp in Golden Knights zone.
0:29 of 1st period - Shot by Jaccob Slavin.
0:29 of 1st period - Shot Blocked by Jonas Siegenthaler.
0:31 of 1st period - Shot by Quinn Hughes.
0:31 of 1st period - Shot Misses the Net.
0:33 of 1st period - Shot by Andrew Copp.
0:33 of 1st period - Shot Misses the Net.
0:46 of 1st period - Shot by Jordan Kyrou.
0:46 of 1st period - Goal by Jordan Kyrou - Blackhawks : 1 - Golden Knights : 0.
0:47 of 1st period - Andrew Poturalski wins face-off versus Matthew Beniers in neutral zone.
1:10 of 1st period - Icing by Zemgus Girgensons.
1:11 of 1st period - Frederick Gaudreau wins face-off versus Zemgus Girgensons in Golden Knights zone.
1:44 of 1st period - Shot by Christian Fischer.
1:44 of 1st period - Shot Misses the Net.
2:11 of 1st period - Off-side.
2:12 of 1st period - Andrew Copp wins face-off versus Jordan Staal in neutral zone.
2:19 of 1st period - Shot by Dominik Kubalik.
2:19 of 1st period - Shot Misses the Net.
2:21 of 1st period - Shot by Dominik Kubalik.
2:21 of 1st period - Stopped by Jonathan Quick without a rebound.
2:22 of 1st period - T.J. Tynan wins face-off versus Jordan Staal in Golden Knights zone.
3:24 of 1st period - Jordan Kyrou is hit by Jonas Siegenthaler.
3:39 of 1st period - Jordan Kyrou is hit by Bowen Byram and loses puck.
4:28 of 1st period - Shot by Arthur Kaliyev.
4:28 of 1st period - Goal by Arthur Kaliyev - Blackhawks : 2 - Golden Knights : 0.
4:29 of 1st period - Jordan Staal wins face-off versus Frederick Gaudreau in neutral zone.
4:46 of 1st period - Shot by Christian Fischer.
4:46 of 1st period - Shot Misses the Net.
5:39 of 1st period - Shot by Brendan Gallagher.
5:39 of 1st period - Stopped by Philipp Grubauer with a rebound.
5:41 of 1st period - Shot by Kaiden Guhle.
5:41 of 1st period - Deflect By Matthew Beniers.
5:41 of 1st period - Shot Blocked by Quinn Hughes.
6:28 of 1st period - Shot by Morgan Barron.
6:28 of 1st period - Deflect By Noah Gregor.
6:28 of 1st period - Stopped by Philipp Grubauer without a rebound.
6:29 of 1st period - Jordan Staal wins face-off versus Andrew Copp in Blackhawks zone.
6:42 of 1st period - Shot by Esa Lindell.
6:42 of 1st period - Stopped by Jonathan Quick without a rebound.
6:43 of 1st period - Frederick Gaudreau wins face-off versus Morgan Barron in Golden Knights zone.
6:43 of 1st period - Quinn Hughes is hit by Bowen Byram and loses puck.
6:59 of 1st period - Off-side.
7:00 of 1st period - Andrew Copp wins face-off versus Brendan Gallagher in neutral zone.
7:00 of 1st period - Andrew Copp is hit by Zemgus Girgensons.
7:36 of 1st period - Dominik Kubalik is hit by Drew Doughty and loses puck.
7:39 of 1st period - Shot by Andrew Copp.
7:39 of 1st period - Shot Misses the Net.
7:57 of 1st period - Shot by Reilly Smith.
7:57 of 1st period - Shot Misses the Net.
8:41 of 1st period - Quinn Hughes is hit by Drew Doughty and loses puck.
9:16 of 1st period - Shot by Connor Dewar.
9:16 of 1st period - Stopped by Jonathan Quick without a rebound.
9:17 of 1st period - Andrew Copp wins face-off versus Jordan Staal in Golden Knights zone.
9:26 of 1st period - Shot by Jordan Kyrou.
9:26 of 1st period - Stopped by Jonathan Quick without a rebound.
9:27 of 1st period - Morgan Barron wins face-off versus Frederick Gaudreau in Golden Knights zone.
9:36 of 1st period - Shot by Connor Dewar.
9:36 of 1st period - Shot Misses the Net.
9:38 of 1st period - Shot by Connor Dewar.
9:38 of 1st period - Shot Misses the Net.
9:52 of 1st period - Shot by Connor Dewar.
9:52 of 1st period - Shot Misses the Net.
9:54 of 1st period - Shot by Connor Dewar.
9:54 of 1st period - Shot Blocked by Morgan Barron.
10:09 of 1st period - Braden Schneider is hit by Christian Fischer and loses puck.
10:53 of 1st period - Shot by Darnell Nurse.
10:53 of 1st period - Goal by Darnell Nurse - Blackhawks : 3 - Golden Knights : 0.
10:54 of 1st period - Andrew Poturalski wins face-off versus Jordan Staal in neutral zone.
11:18 of 1st period - Shot by Jesse Puljujarvi.
11:18 of 1st period - Shot Misses the Net.
11:20 of 1st period - Shot by Jordan Staal.
11:20 of 1st period - Stopped by Philipp Grubauer with a rebound.
11:29 of 1st period - Jordan Staal is hit by Jaccob Slavin and loses puck.
12:00 of 1st period - Off-side.
12:01 of 1st period - Jordan Staal wins face-off versus T.J. Tynan in neutral zone.
12:04 of 1st period - Esa Lindell is hit by Pierre Engvall and loses puck.
12:29 of 1st period - Shot by Jordan Staal.
12:29 of 1st period - Stopped by Philipp Grubauer without a rebound.
12:30 of 1st period - Andrew Copp wins face-off versus Morgan Barron in Blackhawks zone.
13:07 of 1st period - Kaiden Guhle is hit by Dominik Kubalik and loses puck.
13:54 of 1st period - Matthew Beniers is hit by Nikita Zaitsev.
14:27 of 1st period - Matthew Beniers is hit by Christian Fischer and loses puck.
15:42 of 1st period - Shot by Miles Wood.
15:42 of 1st period - Goal by Miles Wood - Blackhawks : 4 - Golden Knights : 0.
15:42 of 1st period - Daniel Vladar enters game.
15:43 of 1st period - Noah Gregor wins face-off versus Andrew Poturalski in neutral zone.
15:48 of 1st period - Shot by James van Riemsdyk.
15:48 of 1st period - Stopped by Philipp Grubauer without a rebound.
15:49 of 1st period - Andrew Poturalski wins face-off versus Morgan Barron in Blackhawks zone.
17:24 of 1st period - Bowen Byram is hit by Nikita Zaitsev and loses puck.
18:29 of 1st period - Shot by Pierre Engvall.
18:29 of 1st period - Stopped by Philipp Grubauer with a rebound.
18:31 of 1st period - Shot by Pierre Engvall.
18:31 of 1st period - Stopped by Philipp Grubauer with a rebound.
18:35 of 1st period - Shot by James van Riemsdyk.
18:35 of 1st period - Shot Blocked by Jaccob Slavin.
18:39 of 1st period - Shot by James van Riemsdyk.
18:39 of 1st period - Shot Misses the Net.
19:21 of 1st period - Shot by Jesper Boqvist.
19:21 of 1st period - Stopped by Philipp Grubauer with a rebound.
19:23 of 1st period - Shot by Bowen Byram.
19:23 of 1st period - Shot Misses the Net.
19:53 of 1st period - Shot by Brendan Gallagher.
19:53 of 1st period - Shot Misses the Net.
19:55 of 1st period - Shot by Braden Schneider.
19:55 of 1st period - Shot Misses the Net.
19:57 of 1st period - Shot by Braden Schneider.
19:57 of 1st period - Shot Blocked by Darnell Nurse.
19:59 of 1st period - Shot by Zemgus Girgensons.
19:59 of 1st period - Stopped by Philipp Grubauer without a rebound.
Goals for this period are 4 for Blackhawks vs 0 for Golden Knights.
Shots for this period are 8 for Blackhawks vs 9 for Golden Knights.

2nd period


0:01 of 2nd period - Jordan Staal wins face-off versus T.J. Tynan in neutral zone.
0:18 of 2nd period - Shot by Jesse Puljujarvi.
0:18 of 2nd period - Stopped by Philipp Grubauer without a rebound.
0:19 of 2nd period - Frederick Gaudreau wins face-off versus Morgan Barron in Blackhawks zone.
0:54 of 2nd period - Shot by Christian Fischer.
0:54 of 2nd period - Shot Misses the Net.
1:10 of 2nd period - Shot by T.J. Tynan.
1:10 of 2nd period - Deflect By Miles Wood.
1:10 of 2nd period - Shot Blocked by Jonas Siegenthaler.
1:12 of 2nd period - Shot by Miles Wood.
1:12 of 2nd period - Stopped by Daniel Vladar without a rebound.
1:13 of 2nd period - Jordan Staal wins face-off versus Arthur Kaliyev in Golden Knights zone.
1:13 of 2nd period - Drew Doughty is hit by Reilly Smith and loses puck.
1:17 of 2nd period - Icing by Ryan Murray.
1:18 of 2nd period - Pierre Engvall wins face-off versus T.J. Tynan in Golden Knights zone.
1:18 of 2nd period - James van Riemsdyk is hit by Miles Wood and loses puck.
1:51 of 2nd period - Shot by Pierre Engvall.
1:51 of 2nd period - Shot Misses the Net.
1:53 of 2nd period - Shot by Drew Doughty.
1:53 of 2nd period - Shot Misses the Net.
1:55 of 2nd period - Shot by Jordan Staal.
1:55 of 2nd period - Shot Hit the Post.
2:04 of 2nd period - Icing by Parker Kelly.
2:05 of 2nd period - Matthew Beniers wins face-off versus T.J. Tynan in Blackhawks zone.
2:24 of 2nd period - Shot by Frederick Gaudreau.
2:24 of 2nd period - Stopped by Daniel Vladar without a rebound.
2:25 of 2nd period - Andrew Poturalski wins face-off versus Morgan Barron in Golden Knights zone.
2:25 of 2nd period - Andrew Poturalski is hit by Bowen Byram.
2:30 of 2nd period - Icing by Jonas Siegenthaler.
2:31 of 2nd period - Morgan Barron wins face-off versus Frederick Gaudreau in Golden Knights zone.
2:49 of 2nd period - Icing by Jonas Siegenthaler.
2:50 of 2nd period - Andrew Poturalski wins face-off versus Morgan Barron in Golden Knights zone.
3:00 of 2nd period - Reilly Smith is hit by Bowen Byram and loses puck.
3:19 of 2nd period - Shot by Reilly Smith.
3:19 of 2nd period - Shot Misses the Net.
3:21 of 2nd period - Shot by Reilly Smith.
3:21 of 2nd period - Shot Misses the Net.
3:23 of 2nd period - Shot by Jaccob Slavin.
3:23 of 2nd period - Stopped by Daniel Vladar with a rebound.
5:27 of 2nd period - Icing by Kaiden Guhle.
5:28 of 2nd period - Brendan Gallagher wins face-off versus Parker Kelly in Golden Knights zone.
5:52 of 2nd period - Minor Penalty to Jaccob Slavin for Hooking.
5:53 of 2nd period - Andrew Copp wins face-off versus Jordan Staal in Blackhawks zone.
7:37 of 2nd period - Shot by Morgan Barron.
7:37 of 2nd period - Shot Misses the Net.
7:39 of 2nd period - Shot by Noah Gregor.
7:39 of 2nd period - Shot Misses the Net.
7:41 of 2nd period - Shot by Oliver Ekman-Larsson.
7:41 of 2nd period - Stopped by Philipp Grubauer without a rebound.
7:42 of 2nd period - Andrew Copp wins face-off versus Matthew Beniers in Blackhawks zone.
7:53 of 2nd period - Shot by Curtis McKenzie.
7:53 of 2nd period - Shot Misses the Net.
8:56 of 2nd period - Darnell Nurse is hit by Noah Gregor.
9:44 of 2nd period - Connor Dewar is hit by Zemgus Girgensons and loses puck.
9:56 of 2nd period - Shot by Christian Fischer.
9:56 of 2nd period - Deflect By Frederick Gaudreau.
9:56 of 2nd period - Stopped by Daniel Vladar without a rebound.
9:57 of 2nd period - Andrew Copp wins face-off versus Jordan Staal in Golden Knights zone.
10:11 of 2nd period - Jordan Kyrou is hit by Oliver Ekman-Larsson and loses puck.
10:26 of 2nd period - Shot by Pierre Engvall.
10:26 of 2nd period - Shot Misses the Net.
10:28 of 2nd period - Shot by Jordan Staal.
10:28 of 2nd period - Goal by Jordan Staal - Blackhawks : 4 - Golden Knights : 1.
10:29 of 2nd period - Andrew Poturalski wins face-off versus Matthew Beniers in neutral zone.
10:45 of 2nd period - Brendan Gallagher is hit by Nikita Zaitsev.
11:18 of 2nd period - Kaiden Guhle is hit by Darnell Nurse and loses puck.
11:35 of 2nd period - Shot by Frederick Gaudreau.
11:35 of 2nd period - Stopped by Daniel Vladar without a rebound.
11:36 of 2nd period - T.J. Tynan wins face-off versus Morgan Barron in Golden Knights zone.
12:07 of 2nd period - Noah Gregor is hit by Jaccob Slavin.
12:58 of 2nd period - Shot by Andrew Copp.
12:58 of 2nd period - Stopped by Daniel Vladar with a rebound.
13:10 of 2nd period - Shot by Bowen Byram.
13:10 of 2nd period - Shot Misses the Net.
13:12 of 2nd period - Shot by Pierre Engvall.
13:12 of 2nd period - Shot Misses the Net.
13:14 of 2nd period - Shot by Bowen Byram.
13:14 of 2nd period - Shot Misses the Net.
13:16 of 2nd period - Shot by Jordan Staal.
13:16 of 2nd period - Goal by Jordan Staal - Blackhawks : 4 - Golden Knights : 2.
13:17 of 2nd period - Jordan Staal wins face-off versus Frederick Gaudreau in neutral zone.
13:22 of 2nd period - Shot by Curtis McKenzie.
13:22 of 2nd period - Shot Misses the Net.
13:24 of 2nd period - Shot by Braden Schneider.
13:24 of 2nd period - Shot Blocked by Jake Walman.
13:38 of 2nd period - Shot by Jesse Puljujarvi.
13:38 of 2nd period - Stopped by Philipp Grubauer without a rebound.
13:39 of 2nd period - Andrew Poturalski wins face-off versus Matthew Beniers in Blackhawks zone.
13:39 of 2nd period - Andrew Poturalski is hit by Brendan Gallagher.
13:44 of 2nd period - Off-side.
13:45 of 2nd period - Andrew Poturalski wins face-off versus Brendan Gallagher in neutral zone.
14:21 of 2nd period - Shot by Drew Doughty.
14:21 of 2nd period - Stopped by Philipp Grubauer with a rebound.
15:04 of 2nd period - Shot by Bowen Byram.
15:04 of 2nd period - Shot Blocked by Darnell Nurse.
15:06 of 2nd period - Shot by Morgan Barron.
15:06 of 2nd period - Stopped by Philipp Grubauer with a rebound.
15:43 of 2nd period - Shot by Miles Wood.
15:43 of 2nd period - Shot Blocked by Braden Schneider.
15:56 of 2nd period - Icing by Jake Walman.
15:57 of 2nd period - T.J. Tynan wins face-off versus Matthew Beniers in Blackhawks zone.
16:06 of 2nd period - Shot by Brendan Gallagher.
16:06 of 2nd period - Shot Misses the Net.
16:08 of 2nd period - Shot by Oliver Ekman-Larsson.
16:08 of 2nd period - Shot Misses the Net.
16:10 of 2nd period - Shot by Zemgus Girgensons.
16:10 of 2nd period - Stopped by Philipp Grubauer without a rebound.
16:11 of 2nd period - Jordan Staal wins face-off versus Andrew Copp in Blackhawks zone.
16:15 of 2nd period - Icing by Quinn Hughes.
16:16 of 2nd period - Andrew Copp wins face-off versus Morgan Barron in Blackhawks zone.
16:37 of 2nd period - Shot by Jesper Boqvist.
16:37 of 2nd period - Stopped by Philipp Grubauer without a rebound.
16:38 of 2nd period - Frederick Gaudreau wins face-off versus Jordan Staal in Blackhawks zone.
16:38 of 2nd period - Frederick Gaudreau is hit by Jordan Staal.
17:02 of 2nd period - Shot by Frederick Gaudreau.
17:02 of 2nd period - Stopped by Daniel Vladar without a rebound.
17:03 of 2nd period - Morgan Barron wins face-off versus Andrew Poturalski in Golden Knights zone.
17:03 of 2nd period - Morgan Barron is hit by Reilly Smith.
17:11 of 2nd period - Shot by Drew Doughty.
17:11 of 2nd period - Deflect By Morgan Barron.
17:11 of 2nd period - Shot Misses the Net.
17:30 of 2nd period - Shot by Arthur Kaliyev.
17:30 of 2nd period - Stopped by Daniel Vladar without a rebound.
17:31 of 2nd period - T.J. Tynan wins face-off versus Jordan Staal in Golden Knights zone.
17:34 of 2nd period - Shot by Darnell Nurse.
17:34 of 2nd period - Stopped by Daniel Vladar without a rebound.
17:35 of 2nd period - Andrew Copp wins face-off versus Jordan Staal in Golden Knights zone.
17:41 of 2nd period - Icing by Ryan Murray.
17:42 of 2nd period - Parker Kelly wins face-off versus Jordan Staal in Golden Knights zone.
17:52 of 2nd period - Icing by James van Riemsdyk.
17:53 of 2nd period - Jordan Staal wins face-off versus Frederick Gaudreau in Golden Knights zone.
17:53 of 2nd period - Jordan Staal is hit by Christian Fischer.
18:03 of 2nd period - Shot by Jordan Staal.
18:03 of 2nd period - Stopped by Philipp Grubauer with a rebound.
18:30 of 2nd period - Shot by Connor Dewar.
18:30 of 2nd period - Stopped by Daniel Vladar with a rebound.
18:41 of 2nd period - Off-side.
18:42 of 2nd period - Matthew Beniers wins face-off versus T.J. Tynan in neutral zone.
19:03 of 2nd period - Shot by Brendan Gallagher.
19:03 of 2nd period - Stopped by Philipp Grubauer without a rebound.
19:04 of 2nd period - Andrew Copp wins face-off versus Morgan Barron in Blackhawks zone.
19:29 of 2nd period - Shot by Jordan Kyrou.
19:29 of 2nd period - Shot Misses the Net.
Goals for this period are 0 for Blackhawks vs 2 for Golden Knights.
Shots for this period are 10 for Blackhawks vs 11 for Golden Knights.

3rd period


0:01 of 3rd period - Andrew Poturalski wins face-off versus Jesse Puljujarvi in neutral zone.
0:01 of 3rd period - Andrew Poturalski is hit by Curtis McKenzie.
0:04 of 3rd period - Quinn Hughes is hit by Drew Doughty and loses puck.
0:25 of 3rd period - Minor Penalty to Drew Doughty for Roughing.
0:26 of 3rd period - Matthew Beniers wins face-off versus Andrew Copp in Golden Knights zone.
0:41 of 3rd period - Shot by Jaccob Slavin.
0:41 of 3rd period - Shot Misses the Net.
0:54 of 3rd period - Icing by Quinn Hughes.
0:55 of 3rd period - Jordan Staal wins face-off versus Andrew Copp in Blackhawks zone.
0:58 of 3rd period - Shot by Braden Schneider.
0:58 of 3rd period - Stopped by Philipp Grubauer without a rebound.
0:59 of 3rd period - Reilly Smith wins face-off versus Jordan Staal in Blackhawks zone.
2:21 of 3rd period - Shot by Jordan Kyrou.
2:21 of 3rd period - Shot Misses the Net.
2:23 of 3rd period - Shot by Quinn Hughes.
2:23 of 3rd period - Shot Misses the Net.
2:43 of 3rd period - Shot by Miles Wood.
2:43 of 3rd period - Shot Misses the Net.
4:01 of 3rd period - Shot by Zemgus Girgensons.
4:01 of 3rd period - Shot Misses the Net.
4:28 of 3rd period - Off-side.
4:29 of 3rd period - Jordan Staal wins face-off versus Arthur Kaliyev in neutral zone.
4:29 of 3rd period - Jordan Staal is hit by Andrew Poturalski.
5:33 of 3rd period - Andrew Copp is hit by Noah Gregor and loses puck.
5:39 of 3rd period - Jesper Boqvist is hit by Esa Lindell and loses puck.
5:41 of 3rd period - Darnell Nurse beats up Bowen Byram.
5:41 of 3rd period - Penalty to Bowen Byram for Fighting.
5:41 of 3rd period - Penalty to Darnell Nurse for Fighting.
5:42 of 3rd period - T.J. Tynan wins face-off versus Matthew Beniers in Blackhawks zone.
5:42 of 3rd period - T.J. Tynan is hit by Brendan Gallagher.
5:52 of 3rd period - Shot by Brendan Gallagher.
5:52 of 3rd period - Shot Blocked by Nikita Zaitsev.
6:37 of 3rd period - Icing by Noah Gregor.
6:38 of 3rd period - Morgan Barron wins face-off versus Andrew Poturalski in Golden Knights zone.
6:38 of 3rd period - Jesper Boqvist is hit by Andrew Poturalski and loses puck.
6:58 of 3rd period - Esa Lindell is hit by Noah Gregor and loses puck.
7:24 of 3rd period - Ryan Murray is hit by Andrew Poturalski.
8:34 of 3rd period - Shot by Oliver Ekman-Larsson.
8:34 of 3rd period - Stopped by Philipp Grubauer without a rebound.
8:35 of 3rd period - Matthew Beniers wins face-off versus Frederick Gaudreau in Blackhawks zone.
8:38 of 3rd period - Shot by Zemgus Girgensons.
8:38 of 3rd period - Shot Blocked by Nikita Zaitsev.
8:41 of 3rd period - Icing by Quinn Hughes.
8:42 of 3rd period - Frederick Gaudreau wins face-off versus Jordan Staal in Blackhawks zone.
9:05 of 3rd period - Shot by Christian Fischer.
9:05 of 3rd period - Stopped by Daniel Vladar without a rebound.
9:06 of 3rd period - Matthew Beniers wins face-off versus T.J. Tynan in Golden Knights zone.
9:35 of 3rd period - Shot by Brendan Gallagher.
9:35 of 3rd period - Shot Misses the Net.
9:56 of 3rd period - Quinn Hughes is hit by Drew Doughty.
10:34 of 3rd period - Icing by Jonas Siegenthaler.
10:35 of 3rd period - Frederick Gaudreau wins face-off versus Morgan Barron in Golden Knights zone.
12:19 of 3rd period - Icing by Bowen Byram.
12:20 of 3rd period - Matthew Beniers wins face-off versus Andrew Copp in Golden Knights zone.
12:49 of 3rd period - Icing by Jonas Siegenthaler.
12:50 of 3rd period - Matthew Beniers wins face-off versus Andrew Poturalski in Golden Knights zone.
13:47 of 3rd period - Icing by Morgan Barron.
13:48 of 3rd period - Morgan Barron wins face-off versus T.J. Tynan in Golden Knights zone.
14:36 of 3rd period - Shot by James van Riemsdyk.
14:36 of 3rd period - Stopped by Philipp Grubauer with a rebound.
15:57 of 3rd period - Shot by Jesse Puljujarvi.
15:57 of 3rd period - Stopped by Philipp Grubauer without a rebound.
15:58 of 3rd period - Noah Gregor wins face-off versus Andrew Poturalski in Blackhawks zone.
16:29 of 3rd period - Shot by Esa Lindell.
16:29 of 3rd period - Stopped by Daniel Vladar without a rebound.
16:30 of 3rd period - Jordan Kyrou wins face-off versus Jordan Staal in Golden Knights zone.
16:49 of 3rd period - Shot by James van Riemsdyk.
16:49 of 3rd period - Shot Misses the Net.
16:50 of 3rd period - Minor Penalty to Jordan Staal for Goalie Interference.
16:51 of 3rd period - Jesper Boqvist wins face-off versus Frederick Gaudreau in Golden Knights zone.
17:02 of 3rd period - Shot by Reilly Smith.
17:02 of 3rd period - Shot Misses the Net.
17:04 of 3rd period - Shot by Jake Walman.
17:04 of 3rd period - Stopped by Daniel Vladar with a rebound.
17:06 of 3rd period - Shot by Frederick Gaudreau.
17:06 of 3rd period - Stopped by Daniel Vladar without a rebound.
17:07 of 3rd period - Andrew Copp wins face-off versus Jesper Boqvist in Golden Knights zone.
18:04 of 3rd period - Shot by Quinn Hughes.
18:04 of 3rd period - Stopped by Daniel Vladar without a rebound.
18:05 of 3rd period - Zemgus Girgensons wins face-off versus Frederick Gaudreau in Golden Knights zone.
18:36 of 3rd period - Shot by Quinn Hughes.
18:36 of 3rd period - Deflect By Reilly Smith.
18:36 of 3rd period - Shot Misses the Net.
18:38 of 3rd period - Shot by Quinn Hughes.
18:38 of 3rd period - Stopped by Daniel Vladar with a rebound.
18:40 of 3rd period - Shot by Jaccob Slavin.
18:40 of 3rd period - Stopped by Daniel Vladar without a rebound.
18:41 of 3rd period - Morgan Barron wins face-off versus Jordan Kyrou in Golden Knights zone.
18:53 of 3rd period - Shot by Jesse Puljujarvi.
18:53 of 3rd period - Shot Blocked by Darnell Nurse.
18:55 of 3rd period - Shot by Kaiden Guhle.
18:55 of 3rd period - Shot Blocked by Esa Lindell.
18:57 of 3rd period - Shot by Jordan Staal.
18:57 of 3rd period - Stopped by Philipp Grubauer without a rebound.
18:58 of 3rd period - T.J. Tynan wins face-off versus Jordan Staal in Blackhawks zone.
19:08 of 3rd period - Parker Kelly is hit by Braden Schneider and loses puck.
Goals for this period are 0 for Blackhawks vs 0 for Golden Knights.
Shots for this period are 7 for Blackhawks vs 5 for Golden Knights.